[Event "Titled Tuesday Blitz December 13 Early 2022"]
[White "Agasarov, Benik"]
[Black "Pein, Jonathan"]
[WhiteFideId "13314823"]
[BlackFideId "417092"]
[WhiteElo "2179"]
[BlackElo "2225"]
[Result "1-0"]
[Round "01"]
[TimeControl "180+1"]
[Date "2022.12.14"]
[WhiteClock "0:01:08"]
[BlackClock "0:00:15"]

1. e4 e5 2. Nf3 d6 3. d4 exd4 4. Nxd4 Nf6 5. Nc3 g6 6. Bg5 Bg7 7. Qd2 h6 8. Bf4 Nc6 9. Nxc6 bxc6 10. O-O-O Be6 11. e5 Nd5 12. Nxd5 Bxd5 13. exd6 Qf6 14. Re1+ Kd7 15. Be5 Qxe5 16. Rxe5 Bxe5 17. Bb5 Kxd6 18. c4 g5 19. g3 Rab8 20. Bxc6 Bxb2+ 21. Kc2 Kxc6 22. Qxd5+ Kb6 23. Qb5# 1-0


[Site "https://www.chess.com"]

[Event "Titled Tuesday Blitz December 13 Early 2022"]
[White "Aggelis, Nikolaos"]
[Black "Perez Ponsa, Federico"]
[WhiteFideId "4213220"]
[BlackFideId "117927"]
[WhiteElo "2189"]
[BlackElo "2592"]
[Result "0-1"]
[Round "01"]
[TimeControl "180+1"]
[Date "2022.12.14"]
[WhiteClock "0:00:19"]
[BlackClock "0:00:54"]

1. d4 Nf6 2. Nf3 g6 3. Bg5 Bg7 4. Nbd2 O-O 5. c3 d6 6. e4 h6 7. Bxf6 exf6 8. Bd3 c5 9. O-O Nc6 10. h3 cxd4 11. Nxd4 Nxd4 12. cxd4 d5 13. exd5 Qxd5 14. Nf3 Be6 15. b3 Rad8 16. Bc4 Qd6 17. Bxe6 Qxe6 18. Qd3 Rd7 19. Qc4 Rfd8 20. Rfd1 f5 21. Rac1 g5 22. Qxe6 fxe6 23. Re1 Kf7 24. Ne5+ Bxe5 25. dxe5 f4 26. Rc5 Kg6 27. Rec1 Kf5 28. a4 b6 29. Rc8 Rxc8 30. Rxc8 Kxe5 31. Rh8 Rd3 32. Rxh6 Rxb3 33. Rh7 a5 34. Rh5 Rb1+ 35. Kh2 Kf6 36. h4 gxh4 37. Rxh4 Rb4 38. Rh6+ Ke5 39. Rh5+ Kd6 40. g4 fxg3+ 41. fxg3 Rxa4 42. Kh3 Ra1 43. Rb5 Kc6 44. Re5 b5 45. Rxe6+ Kd5 46. Rb6 b4 47. g4 Kc5 48. Rb8 a4 49. g5 Rg1 50. Kh4 a3 51. Rc8+ Kd4 52. Rd8+ Kc3 53. Rc8+ Kb2 54. Rb8 b3 55. Kh5 a2 56. Ra8 a1=Q 57. Rxa1 Kxa1 58. g6 b2 59. Kh6 b1=Q 60. g7 Qg6# 0-1


[Site "https://www.chess.com"]

[Event "Titled Tuesday Blitz December 13 Early 2022"]
[White "Aizpurua, Patrick Emilio"]
[Black "Rian, Kapriaga"]
[WhiteFideId "6600522"]
[BlackFideId "7103263"]
[WhiteElo "2378"]
[BlackElo "2266"]
[Result "1-0"]
[Round "01"]
[TimeControl "180+1"]
[Date "2022.12.14"]
[WhiteClock "0:01:32"]
[BlackClock "0:00:12"]

1. d4 f5 2. Nc3 Nf6 3. Bg5 d5 4. Bxf6 exf6 5. e3 c6 6. Bd3 Bd6 7. Nge2 O-O 8. Qd2 b5 9. h4 b4 10. Nd1 Re8 11. g3 a5 12. Nf4 Qc7 13. Kf1 g6 14. Kg2 Ba6 15. c3 Bxd3 16. Qxd3 Nd7 17. Rc1 Bxf4 18. gxf4 Qd6 19. c4 c5 20. dxc5 Nxc5 21. Qxd5+ Qxd5+ 22. cxd5 Nd3 23. Rc4 Re4 24. Rd4 Rd8 25. Rxd3 Rd6 26. b3 a4 27. Nb2 a3 28. Nc4 Rd8 29. Rhd1 Kf7 30. Rd4 Re7 31. d6 Rb7 32. Na5 Rb6 33. Rc1 Rd7 34. Rc7 Ke6 35. Rxd7 Kxd7 36. Nc4 Rc6 37. Rd5 Rc8 38. Nb6+ Ke6 39. Nxc8 Kxd5 40. d7 1-0


[Site "https://www.chess.com"]

[Event "Titled Tuesday Blitz December 13 Early 2022"]
[White "Alexakis, Dimitris"]
[Black "Perez Rodriguez, Jennifer"]
[WhiteFideId "4277023"]
[BlackFideId "3507831"]
[WhiteElo "2470"]
[BlackElo "2170"]
[Result "1-0"]
[Round "01"]
[TimeControl "180+1"]
[Date "2022.12.14"]
[WhiteClock "0:00:36"]
[BlackClock "0:00:31"]

1. g3 d5 2. Bg2 c6 3. Nf3 Nf6 4. O-O Bf5 5. d4 h6 6. c4 e6 7. Nc3 Be7 8. Bf4 Nbd7 9. Nd2 O-O 10. a3 a5 11. Rc1 Qb6 12. Na4 Qxd4 13. c5 Ne8 14. e4 dxe4 15. Nxe4 Qxd1 16. Rfxd1 Bxe4 17. Rxd7 Bxg2 18. Kxg2 Bf6 19. Rxb7 e5 20. Be3 e4 21. Rd1 Be5 22. Nb6 Rb8 23. Rxb8 Bxb8 24. Nd7 Bc7 25. Nxf8 Kxf8 26. Rd7 a4 27. Kf1 Be5 28. Ra7 Bxb2 29. Rxa4 Nf6 30. Ra8+ Ke7 31. a4 Nd5 32. a5 Nc7 33. Ra7 Kd8 34. a6 Be5 35. Bd2 Kc8 36. Ba5 Kb8 37. Rb7+ Kc8 38. Bxc7 Bxc7 39. Ke2 f5 40. Ke3 g5 41. h3 h5 42. h4 f4+ 43. Kxe4 fxg3 44. fxg3 Bxg3 45. hxg5 h4 46. g6 1-0


[Site "https://www.chess.com"]

[Event "Titled Tuesday Blitz December 13 Early 2022"]
[White "Alice, Mateus Felizardo Viageiro"]
[Black "Eynullayev, Atilla"]
[WhiteFideId "14800047"]
[BlackFideId "13413570"]
[WhiteElo "2189"]
[BlackElo "2181"]
[Result "1-0"]
[Round "01"]
[TimeControl "180+1"]
[Date "2022.12.14"]
[WhiteClock "0:02:40"]
[BlackClock "0:02:33"]

1. e4 c5 2. Nf3 d6 3. d4 cxd4 4. Nxd4 Nf6 5. Nc3 a6 6. f3 e5 7. Nb3 Be6 8. Be3 Be7 9. Qd2 Nbd7 10. O-O-O O-O 11. g4 b5 12. g5 Nh5 13. h4 b4 14. Nd5 Bxd5 15. Qxd5 a5 16. Bh3 Nb6 17. Qc6 Nc8 18. Qxa8 1-0


[Site "https://www.chess.com"]

[Event "Titled Tuesday Blitz December 13 Early 2022"]
[White "Aloma Vidal, Robert"]
[Black "Muminova, Nafisa"]
[WhiteFideId "2260409"]
[BlackFideId "14201526"]
[WhiteElo "2435"]
[BlackElo "2258"]
[Result "1-0"]
[Round "01"]
[TimeControl "180+1"]
[Date "2022.12.14"]
[WhiteClock "0:00:06"]
[BlackClock "0:00:01"]

1. e4 e6 2. d4 d5 3. e5 c5 4. c3 Nc6 5. Nf3 Qb6 6. a3 f6 7. b4 fxe5 8. dxe5 Qc7 9. Bf4 Nge7 10. Bd3 g6 11. O-O Bg7 12. Qe2 O-O 13. Bg3 Nf5 14. Re1 Nxg3 15. hxg3 b6 16. Nbd2 a5 17. bxc5 bxc5 18. c4 d4 19. Rab1 Bb7 20. Rb5 Ne7 21. Ne4 Bxe4 22. Bxe4 Rab8 23. Reb1 Bxe5 24. Rb7 Qd6 25. Rxe7 Qxe7 26. Nxe5 Qc7 27. Rxb8 Rxb8 28. Nd3 Rb3 29. Qg4 Kf7 30. a4 Rc3 31. Qg5 Kg7 32. Nxc5 Qd6 33. Bd3 h6 34. Qxg6+ Kf8 35. Nxe6+ Ke7 36. Bf5 Rc1+ 37. Kh2 Qe5 38. Nf4 Re1 39. Nd5+ Kf8 40. Qxh6+ Ke8 41. Bg6+ Kd7 42. Qh7+ 1-0


[Site "https://www.chess.com"]

[Event "Titled Tuesday Blitz December 13 Early 2022"]
[White "Andreikin, Dmitry"]
[Black "Lawson, Eric"]
[WhiteFideId "4158814"]
[BlackFideId "2604116"]
[WhiteElo "2735"]
[BlackElo "2524"]
[Result "1-0"]
[Round "01"]
[TimeControl "180+1"]
[Date "2022.12.13"]
[WhiteClock "0:00:18"]
[BlackClock "0:00:14"]

1. d4 d5 2. c4 c6 3. Nf3 Nf6 4. Qc2 g6 5. cxd5 cxd5 6. Bf4 Nc6 7. e3 Bf5 8. Qb3 Na5 9. Bb5+ Bd7 10. Qa4 a6 11. Bxd7+ Nxd7 12. Nc3 b5 13. Qd1 Nb6 14. Rc1 Rc8 15. O-O Bg7 16. a4 b4 17. Na2 b3 18. Nb4 Qd7 19. Nxa6 Rxc1 20. Qxc1 Nbc4 21. Nc7+ Kd8 22. Nb5 f6 23. Bc7+ Ke8 24. Qc3 Nc6 25. Qxb3 g5 26. Qc2 g4 27. Nd2 Nxd2 28. Qxd2 e5 29. Rc1 e4 30. Qc3 Ne7 31. Bd6 Kf7 32. Bxe7 Qxe7 33. Qc6 Ra8 34. Qxd5+ Kg6 35. Qxa8 Qb4 36. Qxe4+ f5 37. Qe6+ Bf6 38. Nd6 Qxb2 39. Qxf5+ Kg7 40. Ne8+ Kf8 41. Qxf6+ Kxe8 42. Qe6+ 1-0


[Site "https://www.chess.com"]

[Event "Titled Tuesday Blitz December 13 Early 2022"]
[White "Araujo Sanchez, Josue"]
[Black "Vianello, Enrico"]
[WhiteFideId "6416896"]
[BlackFideId "810738"]
[WhiteElo "2370"]
[BlackElo "2106"]
[Result "1-0"]
[Round "01"]
[TimeControl "180+1"]
[Date "2022.12.14"]
[WhiteClock "0:01:10"]
[BlackClock "0:00:41"]

1. c4 Nf6 2. Nc3 e6 3. d4 Bb4 4. Bd2 O-O 5. e3 d5 6. cxd5 exd5 7. Bd3 c6 8. Nge2 Re8 9. O-O Nbd7 10. h3 Nf8 11. f3 Bd6 12. e4 dxe4 13. fxe4 Be7 14. Qc2 b6 15. e5 Nd5 16. Nxd5 cxd5 17. Nf4 Bb7 18. Bb5 Rc8 19. Qa4 Rc4 20. Bxc4 dxc4 21. Qxc4 Qd7 22. Bc3 Rc8 23. Qb3 Bd8 24. d5 Qe7 25. Rae1 Qg5 26. Rf2 b5 27. Bd4 a6 28. Qe3 Rc4 29. b3 Rc8 30. e6 fxe6 31. Nxe6 Qxe3 32. Rxe3 Be7 33. Nxg7 Ng6 34. Nf5 Bg5 35. Rg3 Bh6 36. Nxh6# 1-0


[Site "https://www.chess.com"]

[Event "Titled Tuesday Blitz December 13 Early 2022"]
[White "Arbunic Castro, Giovanna"]
[Black "Manukyan, Sargis A."]
[WhiteFideId "3400549"]
[BlackFideId "13303970"]
[WhiteElo "1936"]
[BlackElo "2187"]
[Result "0-1"]
[Round "01"]
[TimeControl "180+1"]
[Date "2022.12.14"]
[WhiteClock "0:00:01"]
[BlackClock "0:00:35"]

1. e4 e6 2. d4 d5 3. exd5 exd5 4. Nf3 Bd6 5. c4 Nf6 6. Bg5 h6 7. Bh4 O-O 8. Be2 dxc4 9. O-O Be6 10. Nc3 c6 11. Ne5 Bxe5 12. dxe5 Qxd1 13. Rfxd1 Nd5 14. Ne4 Nd7 15. Bg3 b5 16. Nd6 a5 17. f4 g6 18. Bf3 a4 19. Be4 Nc5 20. f5 Nxe4 21. fxe6 Nxd6 22. exd6 fxe6 23. Rf1 Rf5 24. Rxf5 gxf5 25. Re1 Kf7 26. Be5 a3 27. bxa3 Rxa3 28. g4 f4 29. Rf1 f3 30. d7 Ra8 0-1


[Site "https://www.chess.com"]

[Event "Titled Tuesday Blitz December 13 Early 2022"]
[White "Ardila, Oscar Humberto"]
[Black "Bodnaruk, Anastasia"]
[WhiteFideId "4404742"]
[BlackFideId "4181751"]
[WhiteElo "1961"]
[BlackElo "2314"]
[Result "0-1"]
[Round "01"]
[TimeControl "180+1"]
[Date "2022.12.14"]
[WhiteClock "0:00:23"]
[BlackClock "0:00:08"]

1. d4 Nf6 2. c4 g6 3. Nc3 Bg7 4. Nf3 O-O 5. e3 d6 6. Be2 Nbd7 7. O-O e5 8. dxe5 dxe5 9. Qc2 Re8 10. Rd1 e4 11. Nd4 c6 12. b3 Bf8 13. Bb2 Qc7 14. a3 a5 15. Rac1 Nc5 16. b4 axb4 17. axb4 Na6 18. b5 Nb4 19. Qb3 Bg4 20. h3 Bxe2 21. Ncxe2 Nd3 22. Ra1 Bg7 23. Bc3 Nd7 24. Rdb1 N7c5 25. Qc2 Qd6 26. Rxa8 Rxa8 27. Ra1 Rxa1+ 28. Bxa1 Qf6 29. Ng3 h5 30. Bc3 h4 31. Nf1 Na4 32. Ba1 c5 33. Nb3 Nc3 34. Bxc3 Qxc3 35. Qxc3 Bxc3 36. Nfd2 f5 37. f3 exf3 38. gxf3 Kf7 39. Kf1 Ke6 40. Ke2 Ne5 41. f4 Nd7 42. Kd3 Bb4 43. e4 b6 44. Nf3 Nf6 45. e5 Ne4 46. Nxh4 Nf2+ 47. Ke2 Nxh3 48. Kf3 Kf7 49. Nc1 Nxf4 50. Kxf4 Bd2+ 51. Kf3 Bxc1 52. Ng2 Ke6 53. Ke2 Kxe5 54. Kd3 g5 55. Ne1 g4 56. Kc2 Be3 57. Nd3+ Ke4 58. Ne1 f4 59. Kd1 f3 60. Nc2 g3 61. Ke1 g2 62. Nxe3 Kxe3 0-1


[Site "https://www.chess.com"]

[Event "Titled Tuesday Blitz December 13 Early 2022"]
[White "Asavasaetakul, Chawit"]
[Black "Lorenzo De La Riva, Lazaro"]
[WhiteFideId "6204856"]
[BlackFideId "2268809"]
[WhiteElo "1919"]
[BlackElo "2294"]
[Result "1-0"]
[Round "01"]
[TimeControl "180+1"]
[Date "2022.12.14"]
[WhiteClock "0:01:08"]
[BlackClock "0:00:01"]

1. e4 c5 2. c3 d5 3. exd5 Qxd5 4. d4 Nc6 5. Nf3 e5 6. dxe5 Qxd1+ 7. Kxd1 Bg4 8. Kc2 O-O-O 9. Bd3 c4 10. Be4 f5 11. Bxc6 bxc6 12. Nbd2 Ne7 13. Nxc4 Nd5 14. Bg5 Re8 15. Rhe1 h6 16. Bd2 g5 17. Nd4 Kc7 18. f3 Bh5 19. Nxf5 Bg6 20. g4 h5 21. h3 hxg4 22. hxg4 Rh2 23. Rad1 Bc5 24. Kc1 Rb8 25. Rh1 Rg2 26. Rh6 Rg8 27. Rdh1 Rf2 28. e6 Bd6 29. Ncxd6 1-0


[Site "https://www.chess.com"]

[Event "Titled Tuesday Blitz December 13 Early 2022"]
[White "Bacrot, Etienne"]
[Black "Cruz, William Ferreira Da"]
[WhiteFideId "605506"]
[BlackFideId "2118050"]
[WhiteElo "2667"]
[BlackElo "2223"]
[Result "1-0"]
[Round "01"]
[TimeControl "180+1"]
[Date "2022.12.14"]
[WhiteClock "0:00:13"]
[BlackClock "0:00:03"]

1. e4 e6 2. d4 d5 3. e5 c5 4. c3 Nc6 5. Nf3 Nge7 6. Bd3 cxd4 7. cxd4 Nf5 8. Bc2 Qb6 9. Bxf5 exf5 10. O-O h6 11. Nc3 Be6 12. h4 Be7 13. Ne2 Rc8 14. Rb1 a5 15. Be3 Qa6 16. a3 a4 17. Nf4 b5 18. Qd2 Na5 19. Nh5 Bf8 20. Ne1 Nb3 21. Qe2 Qc6 22. Nd3 Qc2 23. Rfe1 Qxe2 24. Rxe2 Rc4 25. Rd1 Nxd4 26. Bxd4 Rxd4 27. Red2 Rg8 28. Ndf4 Rxd2 29. Rxd2 Be7 30. Nxd5 Bxh4 31. Nc7+ Ke7 32. g3 g6 33. Nf4 Bg5 34. Nfd5+ Bxd5 35. Rxd5 Rc8 36. Nxb5 Rc1+ 37. Kg2 Ke6 38. Rd6+ Kxe5 39. f4+ Bxf4 40. gxf4+ Kxf4 41. Rd4+ Ke5 42. Rxa4 Rc2+ 43. Kf1 Rxb2 44. Nc3 Rb3 45. Ne2 g5 46. Kf2 f4 47. Nd4 g4 48. Nxb3 Kf5 49. Nd4+ 1-0


[Site "https://www.chess.com"]

[Event "Titled Tuesday Blitz December 13 Early 2022"]
[White "Badelka, Olga"]
[Black "Levine, David"]
[WhiteFideId "13509926"]
[BlackFideId "2011611"]
[WhiteElo "2337"]
[BlackElo "2119"]
[Result "1-0"]
[Round "01"]
[TimeControl "180+1"]
[Date "2022.12.14"]
[WhiteClock "0:00:54"]
[BlackClock "0:00:21"]

1. c4 Nf6 2. Nc3 g6 3. d4 Bg7 4. e4 d6 5. Be2 O-O 6. Be3 e5 7. d5 a5 8. c5 Ne8 9. Nf3 Na6 10. cxd6 cxd6 11. O-O Nac7 12. Rc1 Bd7 13. Qb3 a4 14. Qb4 Qe7 15. Qxb7 f5 16. exf5 gxf5 17. Bb6 Rc8 18. Nb5 Nxb5 19. Bxb5 Nf6 20. Rxc8 Rxc8 21. Bxa4 Bf8 22. Bc6 f4 23. a4 Qe8 24. Bxd7 Nxd7 25. Ba7 Nc5 26. Bxc5 Rxc5 27. b4 Rc4 28. a5 e4 29. Ng5 e3 30. Qxh7# 1-0


[Site "https://www.chess.com"]

[Event "Titled Tuesday Blitz December 13 Early 2022"]
[White "Bagwe Gaurang"]
[Black "Stanisz, Patryk"]
[WhiteFideId "45039895"]
[BlackFideId "1123106"]
[WhiteElo "1847"]
[BlackElo "2069"]
[Result "0-1"]
[Round "01"]
[TimeControl "180+1"]
[Date "2022.12.14"]
[WhiteClock "0:00:13"]
[BlackClock "0:00:45"]

1. e4 c5 2. Be2 Nc6 3. d3 g6 4. f4 Bg7 5. Nf3 Rb8 6. c4 a6 7. a4 e6 8. O-O Nge7 9. Nc3 d5 10. e5 Nd4 11. cxd5 exd5 12. Nxd4 cxd4 13. Na2 Nf5 14. Bd2 O-O 15. Nc1 f6 16. exf6 Bxf6 17. Nb3 Qe7 18. Bf3 Qd6 19. Re1 Bd7 20. a5 Rbe8 21. Kf2 Ne3 22. Bxe3 dxe3+ 23. Rxe3 Qxf4 24. Rxe8 Rxe8 25. Qd2 Bd4+ 26. Nxd4 Qxd2+ 27. Kg3 Bc6 28. Rf1 Qxb2 29. Re1 Qxd4 0-1


[Site "https://www.chess.com"]

[Event "Titled Tuesday Blitz December 13 Early 2022"]
[White "Begunov, Konstantin"]
[Black "Dong, Bao Nghia"]
[WhiteFideId "4118510"]
[BlackFideId "12400343"]
[WhiteElo "2141"]
[BlackElo "2305"]
[Result "1-0"]
[Round "01"]
[TimeControl "180+1"]
[Date "2022.12.14"]
[WhiteClock "0:00:55"]
[BlackClock "0:01:36"]

1. d4 Nf6 2. c4 d6 3. Nc3 g6 4. e4 Bg7 5. f3 O-O 6. Be3 e5 7. Nge2 Nc6 8. Qd2 exd4 9. Nxd4 Nxd4 10. Bxd4 a6 11. Be2 b6 12. O-O Bb7 13. Rac1 Re8 14. Rc2 Qe7 15. Rfc1 c5 16. Bf2 Rad8 17. Bf1 h5 18. Re1 Kh7 19. Bh4 Qe5 20. Kh1 Bh6 21. Qf2 g5 22. Bg3 Qe6 23. Qe2 h4 24. Bf2 Nh5 25. Nd5 Bxd5 26. exd5 Qg6 27. Qd3 Rxe1 28. Qxg6+ Kxg6 29. Bxe1 Re8 30. Bd3+ f5 31. Re2 Rxe2 32. Bxe2 Nf4 33. Bf1 Bg7 34. b3 Bd4 35. b4 Kf6 36. a4 cxb4 37. Bxb4 Ke5 38. g3 hxg3 39. hxg3 Nh5 40. Kg2 f4 41. g4 Nf6 42. Bd3 a5 43. Ba3 Bc3 44. Kf1 Nd7 45. Ke2 Nb8 46. Bh7 Na6 47. Kd3 Ba1 48. Bg6 Nc7 49. Bc1 Na6 50. Ba3 Nb8 51. Be8 Bd4 52. Bxd6+ Kxd6 53. Kxd4 Na6 54. Ke4 Ke7 55. Bb5 Nc5+ 56. Kf5 Nd3 57. Kxg5 Kd6 58. Kf5 1-0


[Site "https://www.chess.com"]

[Event "Titled Tuesday Blitz December 13 Early 2022"]
[White "Bethke, Richard"]
[Black "Klepikov, Nikita"]
[WhiteFideId "12959243"]
[BlackFideId "24145220"]
[WhiteElo "2369"]
[BlackElo "2025"]
[Result "1-0"]
[Round "01"]
[TimeControl "180+1"]
[Date "2022.12.14"]
[WhiteClock "0:01:25"]
[BlackClock "0:00:35"]

1. e4 c5 2. Nf3 Nc6 3. d4 cxd4 4. Nxd4 g6 5. c4 Nf6 6. Nc3 d6 7. f3 Bg7 8. Be3 O-O 9. Be2 Nxd4 10. Bxd4 Be6 11. O-O Qa5 12. f4 Rfc8 13. b3 b5 14. Nxb5 Nxe4 15. Bxg7 Kxg7 16. Qd4+ Nf6 17. g4 Qb6 18. g5 Qxd4+ 19. Nxd4 Ne4 20. Nxe6+ fxe6 21. Bg4 Nc5 22. b4 Nd3 23. Bxe6 Rc7 24. f5 gxf5 25. Rxf5 Ne5 26. c5 a5 27. Rd1 axb4 28. cxd6 exd6 29. Rxd6 Rc1+ 30. Kg2 Rxa2+ 31. Bxa2 Rc2+ 32. Kg3 1-0


[Site "https://www.chess.com"]

[Event "Titled Tuesday Blitz December 13 Early 2022"]
[White "Bilan, Danila"]
[Black "Sjugirov, Sanan"]
[WhiteFideId "24161918"]
[BlackFideId "4189302"]
[WhiteElo "2182"]
[BlackElo "2613"]
[Result "0-1"]
[Round "01"]
[TimeControl "180+1"]
[Date "2022.12.13"]
[WhiteClock "0:00:02"]
[BlackClock "0:00:03"]

1. d4 Nf6 2. Nf3 e6 3. g3 d5 4. Bg2 Be7 5. O-O O-O 6. c4 dxc4 7. Qc2 a6 8. Qxc4 b5 9. Qc2 Bb7 10. Bf4 Nc6 11. Rd1 Rc8 12. Nc3 Nb4 13. Qb3 Nbd5 14. Ne5 c6 15. Rac1 Nxf4 16. gxf4 Qb6 17. Ne4 Nxe4 18. Bxe4 Rfd8 19. e3 g6 20. Bg2 a5 21. Nd3 a4 22. Qc2 Rc7 23. Nc5 Bc8 24. a3 Ra7 25. Nd3 Rc7 26. Nc5 Bd7 27. Rd3 Be8 28. Rc3 Rdc8 29. Nd3 Bd6 30. Nc5 Bf8 31. Nd3 Be7 32. Nc5 Ra7 33. Nd3 Rac7 34. Nc5 Qa7 35. Nd3 Bf8 36. Nc5 Bxc5 37. Rxc5 Qb6 38. Qc3 Qb8 39. Qb4 Ra7 40. R1c3 Rac7 41. Rc1 Bd7 42. Bf3 Qb6 43. h4 Rd8 44. h5 Rcc8 45. R5c3 Be8 46. Qe7 Qc7 47. Qf6 Qd6 48. hxg6 hxg6 49. Kg2 Qf8 50. Rh1 Qg7 51. Qxg7+ Kxg7 52. Rhc1 Rd6 53. Rc5 Rb8 54. R5c3 b4 55. axb4 Rxb4 56. Rc4 Rxb2 57. Rxa4 c5 58. Ra8 Bb5 59. Rxc5 Bd3 60. Rac8 Ra6 61. Re8 Raa2 62. Rcc8 Rxf2+ 63. Kg3 Rf1 64. Rg8+ Kf6 65. Rh8 Rg1+ 66. Kh3 Bf5+ 67. Kh4 Rh2# 0-1


[Site "https://www.chess.com"]

[Event "Titled Tuesday Blitz December 13 Early 2022"]
[White "Budrewicz, Krzysztof"]
[Black "Matveeva, Olga"]
[WhiteFideId "1127950"]
[BlackFideId "24107018"]
[WhiteElo "2188"]
[BlackElo "2056"]
[Result "1/2-1/2"]
[Round "01"]
[TimeControl "180+1"]
[Date "2022.12.14"]
[WhiteClock "0:00:23"]
[BlackClock "0:00:14"]

1. d4 Nf6 2. c4 e6 3. Nf3 d5 4. Nc3 Be7 5. Bf4 O-O 6. e3 Nbd7 7. Rc1 c5 8. cxd5 Nxd5 9. Nxd5 exd5 10. dxc5 Nxc5 11. Be2 Be6 12. O-O Rc8 13. Nd4 Qb6 14. b3 Rfd8 15. h3 Bf6 16. Bf3 Ne4 17. Nxe6 Qxe6 18. Rxc8 Rxc8 19. Qd3 Rc3 20. Qb5 Qc6 21. Qa5 a6 22. Kh2 g6 23. Rd1 Rc5 24. Qe1 Rc2 25. Bxe4 dxe4 26. Rd2 Qc3 27. Rd1 Qxe1 28. Rxe1 Rxf2 29. Rc1 Kg7 30. Rc7 b5 31. a4 Rb2 32. Rc6 Rxb3 33. Rxa6 bxa4 34. Rxa4 g5 35. Bc7 Rxe3 36. Kg1 Re2 37. Kf1 Rc2 38. Bb6 e3 39. Bxe3 Be5 40. Bxg5 Kg6 41. Be3 h6 42. Re4 f6 43. Ra4 h5 44. Bf2 Rb2 45. Re4 Rc2 46. Re1 Rb2 47. Rc1 Ra2 48. Rd1 Rb2 49. Re1 Ra2 50. Re2 Ra1+ 51. Re1 Ra2 52. Kg1 Rb2 53. Be3 Ra2 54. Rf1 Rb2 55. Bf4 Bxf4 56. Rxf4 Ra2 57. Kh2 Kg5 58. Rb4 h4 59. Rg4+ Kh5 60. Kg1 Rb2 61. Kf1 Ra2 62. Rf4 Kg5 63. Rf3 Rb2 64. Ra3 Rc2 65. Ra5+ f5 66. Ra4 Rb2 67. Ra8 Rc2 68. Rg8+ Kf4 69. Kg1 Rb2 70. Kh2 Ra2 71. Rh8 Kg5 72. Rb8 Rc2 73. Rb3 Ra2 74. Rf3 Rb2 75. Kg1 Ra2 76. Rc3 Rb2 77. Kf1 Ra2 78. Rc8 Rb2 79. Rg8+ Kf4 80. Ke1 Ra2 81. Kf1 Rb2 82. Kg1 Ra2 83. Kh2 Rb2 84. Rh8 1/2-1/2


[Site "https://www.chess.com"]

[Event "Titled Tuesday Blitz December 13 Early 2022"]
[White "Chernomordik, Pavel"]
[Black "Putnam, Liam"]
[WhiteFideId "2804530"]
[BlackFideId "30938279"]
[WhiteElo "2193"]
[BlackElo "2082"]
[Result "1/2-1/2"]
[Round "01"]
[TimeControl "180+1"]
[Date "2022.12.14"]
[WhiteClock "0:00:08"]
[BlackClock "0:00:11"]

1. e4 e6 2. Nc3 d5 3. d4 Nf6 4. Bg5 dxe4 5. Nxe4 Be7 6. Bxf6 gxf6 7. Nf3 f5 8. Nc3 a6 9. Qe2 b5 10. O-O-O b4 11. d5 bxc3 12. dxe6 cxb2+ 13. Kb1 Bd6 14. exf7+ Kxf7 15. Ne5+ Kg7 16. f4 Qe7 17. g4 fxg4 18. Bg2 Ra7 19. Qe3 Bc5 20. Qc3 Bb4 21. Qd4 c5 22. Qc4 Be6 23. Bd5 Bxd5 24. Rxd5 Rd8 25. Rhd1 Rxd5 26. Qxd5 Bc3 27. Qg2 h5 28. Qe4 Bxe5 29. fxe5 Rd7 30. Rf1 Rd8 31. e6 Rf8 32. Qe5+ Kg6 33. Qe4+ Kh6 34. Qe3+ Kh7 35. Qe4+ Kg7 36. Qe5+ Kg8 37. Rxf8+ Qxf8 38. Qg5+ Kh7 39. Qxh5+ Kg7 40. Qg5+ Kh7 41. Qh5+ Kg8 42. Qg6+ Qg7 43. Qe8+ Qf8 44. Qg6+ Kh8 45. Qh5+ Kg7 46. Qg5+ Kh7 47. Qh5+ 1/2-1/2


[Site "https://www.chess.com"]

[Event "Titled Tuesday Blitz December 13 Early 2022"]
[White "Ciuffoletti, Paolo"]
[Black "Maksimenko, Viktor"]
[WhiteFideId "807630"]
[BlackFideId "13710478"]
[WhiteElo "2143"]
[BlackElo "2277"]
[Result "0-1"]
[Round "01"]
[TimeControl "180+1"]
[Date "2022.12.14"]
[WhiteClock "0:00:10"]
[BlackClock "0:01:40"]

1. e4 e5 2. Nf3 Nc6 3. Bc4 Nf6 4. d4 exd4 5. Ng5 Ne5 6. Bb3 h6 7. f4 hxg5 8. fxe5 Nh5 9. O-O Nf4 10. Bxf4 gxf4 11. Rxf4 d5 12. Bxd5 Be6 13. Qf3 Qd7 14. Nd2 Bc5 15. Rf1 O-O-O 16. Nb3 Bb6 17. Rxf7 Bxf7 18. Bxf7 d3+ 19. Kh1 dxc2 20. e6 Qd1 21. e7 Qxf1+ 22. Qxf1 Rd1 23. Bc4 Rxf1+ 24. Bxf1 Re8 25. Bd3 Rxe7 26. Bxc2 Rf7 27. g3 Rf2 28. e5 Rxc2 0-1


[Site "https://www.chess.com"]

[Event "Titled Tuesday Blitz December 13 Early 2022"]
[White "Colas, Joshua"]
[Black "Santeramo, Alessia Carmen"]
[WhiteFideId "2044447"]
[BlackFideId "850810"]
[WhiteElo "2347"]
[BlackElo "2062"]
[Result "1-0"]
[Round "01"]
[TimeControl "180+1"]
[Date "2022.12.14"]
[WhiteClock "0:01:18"]
[BlackClock "0:01:24"]

1. Nf3 Nf6 2. c4 d5 3. cxd5 Nxd5 4. b3 c5 5. Bb2 Nc6 6. e3 Bf5 7. a3 e6 8. Be2 Be7 9. d3 Nf6 10. O-O O-O 11. Nc3 a6 12. Nh4 Bg6 13. Nxg6 hxg6 14. Bf3 Ne5 15. Bxb7 Rb8 16. Bxa6 Rb6 17. Na4 Rd6 18. Nxc5 Neg4 19. h3 Rc6 20. hxg4 Bxc5 21. Bc4 Rc8 22. b4 Bd6 23. b5 Bc7 24. a4 Qd6 25. g3 Nd7 26. a5 Qe5 27. Bxe5 1-0


[Site "https://www.chess.com"]

[Event "Titled Tuesday Blitz December 13 Early 2022"]
[White "Corrales Jimenez, Fidel"]
[Black "Grunberg, Mihai-Lucian"]
[WhiteFideId "3506690"]
[BlackFideId "1204149"]
[WhiteElo "2541"]
[BlackElo "2363"]
[Result "0-1"]
[Round "01"]
[TimeControl "180+1"]
[Date "2022.12.14"]
[WhiteClock "0:00:02"]
[BlackClock "0:00:17"]

1. d4 f5 2. Nc3 d5 3. Bf4 Nf6 4. g4 e6 5. gxf5 exf5 6. a3 Bd6 7. Bxd6 Qxd6 8. Nf3 O-O 9. Rg1 Be6 10. Ne5 Nbd7 11. f4 Ne4 12. Qd3 c5 13. e3 cxd4 14. exd4 Rac8 15. Nd1 Nxe5 16. fxe5 Qe7 17. Bg2 Qh4+ 18. Ke2 Qxh2 19. c3 f4 20. Qf3 Ng5 21. Nf2 Nxf3 22. Bxf3 Qh4 23. Rh1 Qe7 24. Rag1 Rcd8 25. Nd3 g6 26. Rh6 Kg7 27. Rgh1 Bg8 28. R6h4 g5 29. Rh5 Rf7 30. Nf2 Kh8 31. Ng4 Rg7 32. Kf2 Rf8 33. Rh6 Qd7 34. Nf6 Rxf6 35. exf6 Rf7 36. Bh5 Qf5 37. Bxf7 Bxf7 38. Re1 Bg6 39. Re7 g4 40. Rxb7 Qxf6 41. Rbxh7+ Kg8 42. Rxa7 g3+ 43. Kg1 f3 44. Rh3 f2+ 45. Kg2 f1=Q+ 46. Kxg3 Q6f3+ 0-1


[Site "https://www.chess.com"]